 Dungeon Crawl Stone Soup version 0.28-a0-1435-g82390b3a13 (webtiles) character file.

Game seed: 11736729884871351485

79 bande the Skirmisher (level 4, 0/29 HPs)
             Began as a Gargoyle Fighter on Jan 9, 2022.
             Slain by an orc (3 damage)
             ... on level 3 of the Dungeon.
             The game lasted 00:03:23 (1691 turns).

bande the Skirmisher (Gargoyle Fighter)             Turns: 1691, Time: 00:03:24

Health: 0/29       AC: 10    Str: 19    XL:     4   Next: 38%
Magic:  4/4        EV:  9    Int:  9    God:
Gold:   107        SH:  5    Dex: 17    Spells: 3/3 levels left

rFire   . . .      SeeInvis .   g - +0 hand axe (elec)
rCold   . . .      Faith    .   c - +0 buckler
rNeg    + . .      Spirit   .   b - +0 scale mail
rPois   ∞          Reflect  .   (no helmet)
rElec   +          Harm     .   (no cloak)
rCorr   .          Rampage  .   (no gloves)
Will    .....                   (no boots)
Stlth   ..........              (no amulet)
HPRegen 0.09/turn               e - +6 ring of dexterity
MPRegen 0.09/turn               (no ring)

@: no status effects
A: sickness immunity, AC +3, negative energy resistance 1, electricity
resistance, torment resistance 1, petrification resistance
a: no special abilities


You were on level 3 of the Dungeon.
You visited 1 branch of the dungeon, and saw 3 of its levels.

You collected 107 gold pieces.

Inventory:

Hand Weapons
 a - a +1 war axe
 g - a +0 hand axe of electrocution (weapon)
Armour
 b - a +0 scale mail (worn)
 c - a +0 buckler (worn)
Jewellery
 e - a +6 ring of dexterity (left hand)
Scrolls
 h - a scroll of teleportation
Potions
 d - a potion of might
 f - a potion of attraction {unknown}
 i - a potion of mutation {unknown}


   Skills:
 + Level 3.9 Fighting
 + Level 2.7 Axes
 + Level 3.8 Armour
 - Level 0.3 Dodging
 + Level 3.8 Shields


You had 3 spell levels left.
You didn't know any spells.
Your spell library contained the following spells:

 Spells                   Type           Power      Damage    Failure   Level
 Beastly Appendage        Tmut           0%         N/A       83%         1
 Corpse Rot               Necr/Air       0%         N/A       93%         2
 Wereblood                Tmut           0%         N/A       93%         2
 Spider Form              Tmut/Pois      0%         N/A       99%         3
 Dispel Undead            Necr           0%         3d6       100%        4
 Death Channel            Necr           0%         N/A       100%        6


Dungeon Overview and Level Annotations

Branches:
Dungeon (3/15)

Altars:


Innate Abilities, Weirdness & Mutations

You are immune to sickness and miasma.
Your stone body is resilient. (AC +3)
You are immune to poison.
You resist negative energy. (rN+)
You are resistant to electric shocks. (rElec)
You are resistant to unholy torment.
You are immune to petrification.


Message History

You hit the hobgoblin.
You kill the hobgoblin!
No target in view!
No target in view!
No target in view!
No target in view!
No target in view!
You see here a hobgoblin corpse. 3 orcs come into view.
The orc shouts! x2
An orc comes into view.
It is wielding a +2 trident of distortion.
An orc comes into view. It is wielding a +0 dagger.
The orc shouts!
The orc hits you with a +0 war axe. The orc hits you but does no damage.
You closely miss the orc. You hit the orc. The orc barely misses you.
The orc hits you but does no damage.
You hit the orc.
The orc is heavily wounded.
You hit the orc but do no damage. Lightning courses through the orc!
You kill the orc!
You barely miss the orc. The orc hits you but does no damage.
The orc misses you. The orc hits you but does no damage.
Unknown command.
You hit the orc. Lightning courses through the orc!
You kill the orc!
You closely miss the orc. You block the orc's attack.
The orc hits you but does no damage. The orc misses you.
The orc hits you but does no damage.
Unknown command.
You completely miss the orc. You closely miss the orc.
The orc hits you from afar with a +2 trident of distortion!
Space warps around you. The orc hits you with a +0 war axe.
Unknown command.
You closely miss the orc. You hit the orc. The orc hits you with a +0 dagger.
The orc hits you but does no damage. Space warps around you.
* * * LOW HITPOINT WARNING * * *
The orc hits you but does no damage.
Unknown command.
The orc hits you with a +0 dagger.
You die...

## ################### ..
.....##.#........o#.#####
##.......†....@.)o.....
#..............o)......
##......[...............
.#.......................
.........................
...<.....................
.........................
.........................
.............


You could see 3 orcs.

Vanquished Creatures
  2 adders (D:2)
  A worm (D:2)
  2 dart slugs
  2 orcs (D:3)
  4 ball pythons
  3 endoplasms
  2 giant cockroaches (D:1)
  3 goblins (D:2)
  6 hobgoblins
  4 jackals (D:1)
  3 kobolds
  2 quokkas (D:2)
  6 bats
  2 frilled lizards (D:2)
  6 rats
48 creatures vanquished.

Notes
Turn   | Place    | Note
-------+----------+-------------------------------------------
     0 | D:1      | bande the Gargoyle Fighter began the quest for the Orb.
     0 | D:1      | Reached XP level 1. HP: 14/14 MP: 1/1
   181 | D:1      | Reached XP level 2. HP: 18/19 MP: 2/2
   772 | D:1      | Reached XP level 3. HP: 24/24 MP: 3/3
  1145 | D:2      | Reached XP level 4. HP: 29/29 MP: 4/4
  1329 | D:2      | Found a faded altar of an unknown god.
  1691 | D:3      | Slain by an orc

Illustrated notes

Levels and vault maps discovered:
D:1:      mainiacjoe_arrival_reflecting_pool, layout_loops_cross,
          bh_walls_and_bars
D:2:      layout_basic, chequers_ecumenical_altar_simple_redux,
          kennysheep_generic_room_14
D:3:      layout_loops_corners, mainiacjoe_overflow_small_starburst,
          wad_floor_pattern_1

Skill      XL: |  1  2 |
---------------+-------+-----
Axes           | 2 |  2.7
Fighting       | |  3.9
Armour         | |  3.8
Dodging        | |  0.3
Shields        | |  3.8

Action                   |  1- 3 |  4- 6 || total
-------------------------+-------+-------++-------
Melee: War axe           |    88 |    31 ||   119
       Hand axe          |       |    11 ||    11
  Use: Scroll            |     3 |       ||     3
Armor: Scale mail        |    50 |    21 ||    71
Dodge: Dodged            |    52 |    16 ||    68
Block: Buckler           |    29 |    13 ||    42

Table legend: (Time is in decaauts)
 A = Elapsed time spent in this place.
 B = Non-inter-level travel time spent in this place.
 C = Inter-level travel time spent in this place.
 D = Time resting spent in this place.
 E = Time spent auto-exploring this place.
 F = Levels seen in this place.
 G = Mean time per level.
                   A        B        C        D        E       F      G
               +--------+--------+--------+--------+--------+-----+--------+
         Total |   1742 |   1697 |     45 |      0 |   1303 |   3 |  580.7 |
       Dungeon |   1742 |   1697 |     45 |      0 |   1303 |   3 |  580.7 |
               +--------+--------+--------+--------+--------+-----+--------+

Top non-repeatable levels by time:
     D:1: 930 daAuts
     D:2: 775 daAuts
     D:3: 37 daAuts
